 Dungeon Crawl Stone Soup version 0.18-a0-1639-g7533f42 (webtiles) character file.

3957 M4edhros the Covert (level 10, -2/60 HPs)
             Began as an Octopode Hunter on Mar 27, 2016.
             Was an Initiate of Gozag.
             Slain by an orc warrior
             ... wielding a +0 trident
              (17 damage)
             ... while paralysed by an orc
             ... on level 9 of the Dungeon.
             The game lasted 00:43:09 (12625 turns).

M4edhros the Covert (Octopode Hunter)              Turns: 12625, Time: 00:43:10

Health: -2/60      AC:  1    Str: 13    XL:     10   Next: 21%
Magic:  10/10      EV:  2    Int: 13    God:    Gozag
Gold:   172        SH:  0    Dex: 15    Spells: 0 memorised, 9 levels left

rFire  . . .     SeeInvis .     a - +4 hunting sling
rCold  . . .     Gourm    .     (no shield)
rNeg   . . .     Faith    .     (helmet restricted)
rPois  .         Spirit   .     (no amulet)
rElec  +         Dismiss  .     k - ring of flight
rCorr  +         Reflect  .     (no ring)
SustAt +         Harm     .     F - ring of stealth
MR     .....                    p - ring of sustain attributes
Stlth  +++++++...               t - ring of resist corrosion
                                (no ring)
                                (no ring)
                                (no ring)

@: paralysed, drained, not resistant to hostile enchantments, extremely stealthy
A: almost no armour, amphibious, 8 rings, constrict 8, camouflage 1, electricity
resistance, gelatinous body 1
a: Potion Petition, Call Merchant, Bribe Branch, Renounce Religion, Evoke Flight


You were on level 9 of the Dungeon.
You worshipped Gozag.
Gozag was noncommittal.
You were very hungry.

You visited 1 branch of the dungeon, and saw 9 of its levels.

You collected 1763 gold pieces.
You paid 1591 gold pieces to Gozag.

Inventory:

Hand Weapons
 a - a +4 hunting sling (weapon)
 e - a +2 blowgun of evasion
 i - a +0 short sword of electrocution
 q - a +2 falchion of electrocution
 w - a +2 dire flail of protection
 D - a cursed -2 blowgun
Missiles
 c - 15 sling bullets
 g - 394 stones (quivered)
 h - 51 poisoned needles
 m - 8 javelins
Jewellery
 k - a ring of flight (left tentacle)
 p - a ring of sustain attributes (on tentacle)
 t - a ring of resist corrosion (on tentacle)
 F - a ring of stealth (on tentacle)
Wands
 n - a wand of lightning (5/15)
 u - a wand of polymorph (13/24)
 v - a wand of random effects (32/48)
 y - a wand of polymorph (4/24)
 z - a wand of flame (4/48)
Scrolls
 b - a scroll of immolation
 l - 3 scrolls of recharging
Potions
 o - 2 potions of berserk rage {unknown}
 s - a potion of resistance
 A - 2 potions of mutation {unknown}
Books
 j - a book of Fire

   Spells                             Type                      Level
   a - Ignite Poison                  Fire/Transmutation/Poison    3
   b - Fireball                       Conjuration/Fire             5
   c - Bolt of Fire                   Conjuration/Fire             6
   d - Delayed Fireball               Conjuration/Fire             7
   e - Ring of Flames                 Charms/Fire                  7
 r - a book of the Dragon

   Spells                             Type                      Level
   a - Flame Tongue                   Conjuration/Fire             1
   b - Cause Fear                     Hexes                        4
   c - Bolt of Fire                   Conjuration/Fire             6
   d - Dragon Form                    Transmutation                7
   e - Dragon's Call                  Summoning                    9
Comestibles
 d - 4 bread rations
 x - 20 fruits


   Skills:
 - Level 2.0(1.8) Fighting
 + Level 10.0(9.7) Slings
 + Level 9.0(8.8) Dodging
 - Level 10.1(9.9) Stealth


You had 9 spell levels left.
You didn't know any spells.

Dungeon Overview and Level Annotations

Branches:
Dungeon (9/15)             Temple (0/1) D:4            Lair (0/8) D:9
    Orc: D:9-12

Altars:
Ashenzari
Dithmenos
Fedhas
Gozag
Nemelex Xobeh
Pakellas
Qazlal
Ru
Trog
Vehumet
Xom
Yredelemnul

Shops:
D:6 %   D:9 [=

Annotations:
D:4 exclusion: statue
D:5 namelastname112's ghost, amateur DrMo


Innate Abilities, Weirdness & Mutations

You cannot wear most types of armour.
You are amphibious.
You can wear up to eight rings at the same time.
You can use your tentacles to constrict eight enemies at once.
Your skin changes colour to match your surroundings (Stealth).
Your rubbery body absorbs attacks (AC +1).
You are resistant to electric shocks.


Message History

The orc warrior is heavily wounded.
The orc warrior hits you from afar with a trident!
* * * LOW HITPOINT WARNING * * *
The orc throws a tomahawk.
The tomahawk closely misses you.
Drink which item? (? for menu, Esc to quit)
You feel much better.
The orc moves out of view.
The orc warrior misses you.
Firing (i - inventory. (,) - cycle):
g - 395 stones (quivered)
Press: ? - help, Shift-Dir - straight line, f/p - orc warrior
Aim: an orc warrior, wielding a trident and wearing a chain mail (heavily wounded, poisoned)
You shoot a stone. The stone hits the orc warrior.
The orc warrior is heavily wounded.
The orc zaps a wand.
You suddenly lose the ability to move!
The orc warrior hits you from afar with a trident!!
* * * LOW HITPOINT WARNING * * *
The orc warrior hits you from afar with a trident.
* * * LOW HITPOINT WARNING * * *
An orc priest comes into view. It is wielding a flail.
The orc warrior hits you from afar with a trident!
You die...
Your body crumbles into a pile of gold.

############ ...........#
.∩.........# ...........#
....#......# #####
....####...# ..#@.# .#
..... #...+...#..#..#
...... #...#...#oo#..###
########$.##..##(o#.....
.............#.(.......
.........<...P.(....####+
#+###..###......(....#....
....####.P..PPPP((P.o.P...
...........PPP...P.PP.PP..


You could see an orc warrior, an orc priest (wandering) and 2 orcs.

Vanquished Creatures
  Pikel (D:6)
  Sigmund (D:3)
  Edmund (D:6)
  3 ice beasts (D:6)
  2 phantoms (D:6)
  A centaur (D:6)
  4 ogres
  A crocodile (D:9)
  Blork the orc (D:5)
  3 giant frogs
  2 big kobolds
  3 scorpions
  A killer bee (D:8)
  2 wights
  4 howler monkeys
  A centaur zombie (D:7)
  3 hounds
  A jelly (D:6)
  12 orc wizards
  A gnoll shaman (D:4)
  11 orc priests
  3 giant frog skeletons
  Ijyb (D:3)
  2 iguanas
  2 worker ants
  A hound zombie (D:8)
  12 adders
  8 gnolls (D:4)
  An ooze (D:1)
  An adder skeleton (D:9)
  2 worms
  A dart slug (D:2)
  3 giant geckos
  44 orcs
  A ball python (D:4)
  5 giant cockroaches
  2 gnoll zombies (D:5)
  11 goblins
  15 hobgoblins
  14 jackals
  21 kobolds
  5 quokkas
  7 bats
  A giant gecko zombie (D:6)
  9 giant newts
  12 rats
  A butterfly (D:4)
244 creatures vanquished.

Vanquished Creatures (others)
  A slave (D:6)
  2 crimson imps (D:6)
  4 plants (D:4)
7 creatures vanquished.

Grand Total: 251 creatures vanquished

Notes
Turn   | Place    | Note
--------------------------------------------------------------
     0 | D:1      | M4edhros the Octopode Hunter began the quest for the Orb.
     0 | D:1      | Reached XP level 1. HP: 14/14 MP: 1/1
    35 | D:1      | Reached XP level 2. HP: 13/19 MP: 2/2
   769 | D:1      | Reached XP level 3. HP: 21/24 MP: 3/3
   897 | D:2      | Reached skill level 5 in Slings
  1395 | D:2      | Found an opulent altar of Gozag.
  1401 | D:2      | Became a worshipper of Gozag Ym Sagoz the Greedy
  1549 | D:3      | Noticed Ijyb
  1554 | D:3      | Reached XP level 4. HP: 20/29 MP: 4/4
  1557 | D:3      | Killed Ijyb
  1560 | D:3      | Reached XP level 5. HP: 14/34 MP: 5/5
  2334 | D:3      | Noticed Sigmund
  2346 | D:3      | Killed Sigmund
  2346 | D:3      | Reached XP level 6. HP: 27/39 MP: 6/6
  2442 | D:3      | Found a bloodstained altar of Trog.
  2452 | D:3      | Found a shadowy altar of Dithmenos.
  3150 | D:4      | Found a staircase to the Ecumenical Temple.
  3282 | D:4      | Found a radiant altar of Vehumet.
  3339 | D:4      | Reached XP level 7. HP: 27/45 MP: 7/7
  4792 | D:4      | Gained mutation: You are resistant to electric shocks. [potion of beneficial mutation]
  5204 | D:5      | Entered Level 5 of the Dungeon
  5214 | D:5      | Found a blossoming altar of Fedhas.
  5218 | D:5      | Found an oddly glowing altar of Pakellas.
  5927 | D:5      | Noticed namelastname112's ghost (amateur DrMo)
  6004 | D:4      | Reached XP level 8. HP: 20/50 MP: 8/8
  6426 | D:4      | Reached skill level 5 in Stealth
  6430 | D:4      | Found a shimmering altar of Xom.
  6457 | D:4      | Found a stormy altar of Qazlal.
  6734 | D:5      | Found a shattered altar of Ashenzari.
  6745 | D:5      | Noticed Blork the orc
  6753 | D:5      | Killed Blork the orc
  6909 | D:5      | Found a basalt altar of Yredelemnul.
  7631 | D:6      | Reached skill level 5 in Dodging
  7831 | D:6      | Found Ogotum's Food Emporium.
  8196 | D:6      | Noticed Edmund
  8205 | D:6      | Killed Edmund
  8294 | D:6      | Noticed Pikel
  8690 | D:7      | Reached XP level 9. HP: 54/54 MP: 9/9
  8948 | D:7      | Found a sparkling altar of Nemelex Xobeh.
  9098 | D:7      | Found a sacrificial altar of Ru.
  9274 | D:7      | Found a bloodstained altar of Trog.
 10399 | D:8      | Reached skill level 10 in Stealth
 10466 | D:9      | Found a staircase to the Lair.
 10774 | D:8      | Found a blossoming altar of Fedhas.
 11567 | D:6      | Killed Pikel
 11567 | D:6      | Reached XP level 10. HP: 18/60 MP: 10/10
 12581 | D:9      | Reached skill level 10 in Slings
 12622 | D:9      | Paralysed by an orc for 3 turns
 12625 | D:9      | Slain by an orc warrior

Vault maps used:
D:1:      onia_arrival_mini_maze_b, st_stairs_7
D:2:      lemuel_round_altar
D:3:      kennysheep_big_flooded_room, amethyst_overflow_temple_binary,
          first_bread, uniq_iyjb, uniq_sigmund
D:4:      corexii_shack_village, marbit_many_paths, vehumet_statue,
          kennysheep_mini, minmay_temple_entry_butterflies
D:5:      lemuel_ice_spiral_2, lemuel_zombie_altar_yredelemnul,
          grunt_temple_overflow_open, kennysheep_mini_moat, minmay_holes,
          uniq_blork_the_orc
D:6:      serial_shops, nicolae_shop_trees, grunt_ministairs_10, uniq_edmund,
          uniq_pikel
D:7:      lemuel_crystal_altar, nicolae_ru_path_of_blood, basic_altar
D:8:      hangedman_tree_tricks
D:9:      due_lair_maze_entry_diamond

Skill      XL: |  1  2  3  4  5  6  7  8  9 10 |
---------------+-------------------------------+-----
Slings         | 5 6 7 8 9 10 | 10.0
Stealth        | 4 8 10 | 10.1
Dodging        | 3 6 8 9 |  9.0
Fighting       | |  2.0

Action                   |  1- 3 |  4- 6 |  7- 9 | 10-12 || total
-------------------------+-------+-------+-------+-------++-------
Melee: Short sword       |    10 |       |       |       ||    10
       Dagger            |    67 |   114 |   423 |       ||   604
       Falchion          |       |       |       |    19 ||    19
 Fire: Hunting sling     |       |       |    97 |    58 ||   155
       Blowgun           |       |       |       |     7 ||     7
Throw: Stone             |       |     2 |     3 |       ||     5
Invok: Call Merchant     |       |       |     1 |     1 ||     2
Evoke: Wand              |       |       |    16 |     1 ||    17
  Use: Potion            |     3 |     7 |     6 |     1 ||    17
       Scroll            |       |     5 |    10 |       ||    15
 Stab: Sleeping          |    14 |     9 |    25 |     1 ||    49
       Distracted        |       |       |     7 |       ||     7
  Eat: Fruit             |       |     2 |     1 |       ||     3
       Meat ration       |       |     1 |     2 |       ||     3
       Beef jerky        |       |       |     1 |     1 ||     2
       Pizza             |       |       |     1 |       ||     1
       Bread ration      |       |       |     3 |       ||     3
